[Event "Titled Tuesday Blitz August 23 Late 2022"]
[White "Diaz Perez, Michel Alejandro"]
[Black "Kamsky, Gata"]
[WhiteFideId "3517179"]
[BlackFideId "2000024"]
[WhiteElo "2313"]
[BlackElo "2666"]
[Result "0-1"]
[Round "04"]
[TimeControl "180+1"]
[Date "2022.08.23"]
[WhiteClock "0:00:12"]
[BlackClock "0:00:14"]

1. d4 Nf6 2. c4 g6 3. Nc3 Bg7 4. e4 d6 5. Be2 e5 6. dxe5 dxe5 7. Qxd8+ Kxd8 8. Bg5 Be6 9. O-O-O+ Nd7 10. Nf3 Kc8 11. Nd2 c6 12. Nb3 Bf8 13. a3 h6 14. Be3 Ng4 15. Bxg4 Bxg4 16. f3 Be6 17. Nd2 Kc7 18. Kc2 a5 19. Nd5+ cxd5 20. cxd5 Bxd5 21. exd5 Bc5 22. Rhe1 b6 23. Ne4 Bxe3 24. Rxe3 Rac8 25. Rc3+ Kb8 26. Nd6 Rxc3+ 27. Kxc3 f5 28. b4 Kc7 29. Nb5+ Kb7 30. Kb3 Nf6 31. Re1 e4 32. fxe4 Nxe4 33. Rc1 Rh7 34. bxa5 bxa5 35. Ka4 Rd7 36. Kxa5 Rxd5 37. Rc7+ Kb8 38. Rc6 g5 39. Kb6 Rd2 40. Rxh6 Kc8 41. a4 Rxg2 42. a5 Ra2 43. a6 f4 44. a7 Kd7 45. Rh7+ Ke6 46. Kb7 Nc5+ 47. Kb6 Nd7+ 48. Kc7 Nf6 49. Rh3 Nd5+ 50. Kb7 Ra5 51. Nd4+ Kf6 52. Nc6 Rb5+ 53. Ka6 Nc7# 0-1


[Site "https://www.chess.com"]

[Event "Titled Tuesday Blitz August 23 Late 2022"]
[White "Djordjevic, Vuk"]
[Black "Shimanov, Aleksandr"]
[WhiteFideId "902098"]
[BlackFideId "4198603"]
[WhiteElo "2456"]
[BlackElo "2605"]
[Result "1-0"]
[Round "04"]
[TimeControl "180+1"]
[Date "2022.08.23"]
[WhiteClock "0:00:08"]
[BlackClock "0:00:01"]

1. d4 Nf6 2. Bg5 Ne4 3. Bf4 d5 4. e3 c5 5. Bd3 cxd4 6. exd4 Nc6 7. c3 Bf5 8. Qe2 e6 9. Nd2 Nd6 10. Ngf3 Bxd3 11. Qxd3 Be7 12. h4 h5 13. O-O-O Nf5 14. g3 a6 15. Rde1 b5 16. Kb1 Na5 17. Ne5 Rc8 18. Re2 Nc4 19. Rhe1 O-O 20. Ndxc4 dxc4 21. Qf3 g6 22. Nxg6 fxg6 23. Rxe6 Rf6 24. Bg5 Rxe6 25. Rxe6 Qe8 26. Qb7 Bxg5 27. Rxe8+ Rxe8 28. hxg5 Re1+ 29. Kc2 Re2+ 30. Kc1 Rxf2 31. Qxa6 Ne3 32. Qxg6+ Kf8 33. Qh6+ Ke7 34. Qg7+ Kd8 35. Qh8+ Kd7 36. Qxh5 Rc2+ 37. Kb1 Rf2 38. a3 Rf1+ 39. Ka2 Kd6 40. Qg6+ Kd5 41. a4 bxa4 42. Ka3 Rf2 43. Qg8+ Ke4 44. g6 Kd3 45. g7 Nc2+ 46. Kxa4 1-0


[Site "https://www.chess.com"]

[Event "Titled Tuesday Blitz August 23 Late 2022"]
[White "Dubov, Daniil"]
[Black "Kowalski, Igor"]
[WhiteFideId "24126055"]
[BlackFideId "1172468"]
[WhiteElo "2791"]
[BlackElo "2376"]
[Result "1-0"]
[Round "04"]
[TimeControl "180+1"]
[Date "2022.08.23"]
[WhiteClock "0:01:18"]
[BlackClock "0:01:44"]

1. d4 d5 2. Nf3 Nf6 3. c4 c6 4. Nc3 dxc4 5. a4 Bf5 6. Ne5 Nbd7 7. Nxc4 Qc7 8. g3 e5 9. dxe5 Nxe5 10. Bf4 Nfd7 11. Bg2 g5 12. Ne3 gxf4 13. Nxf5 fxg3 14. hxg3 O-O-O 15. Qc2 h5 16. O-O-O Bb4 17. Ne4 Kb8 18. Rd4 c5 19. Rd6 c4 20. Rd5 Nc5 21. Nxc5 Bxc5 22. f4 Ng4 23. Kb1 Bf2 24. Rb5 b6 25. Qe4 Kc8 26. Ne7+ Kd7 27. Rd1+ Ke8 28. Ng6+ Ne5 29. Qxe5+ 1-0


[Site "https://www.chess.com"]

[Event "Titled Tuesday Blitz August 23 Late 2022"]
[White "Fishbein, Alexander"]
[Black "Naroditsky, Daniel"]
[WhiteFideId "2000377"]
[BlackFideId "2026961"]
[WhiteElo "2410"]
[BlackElo "2628"]
[Result "0-1"]
[Round "04"]
[TimeControl "180+1"]
[Date "2022.08.23"]
[WhiteClock "0:00:01"]
[BlackClock "0:01:28"]

1. e4 e5 2. Nf3 Nc6 3. Nc3 Nf6 4. Be2 g6 5. d4 exd4 6. Nxd4 d6 7. Nxc6 bxc6 8. e5 Nd7 9. exd6 cxd6 10. O-O Be7 11. Bh6 Ne5 12. f4 Nd7 13. Bf3 d5 14. Re1 Nb6 15. Bg5 Be6 16. Bh6 Bf6 17. Ne2 Nc4 18. f5 gxf5 19. b3 Qb6+ 20. Kh1 Ne3 21. Qd2 Ng4 22. Bxg4 Bxa1 23. Bxf5 Bxf5 24. Ng3+ Be6 25. Rxa1 O-O-O 26. Bg7 Rhg8 27. Bd4 c5 28. Bf6 Rde8 29. Qf4 d4 30. Ne4 Kd7 31. Rd1 Bd5 32. Ng3 Qd6 33. Qf5+ Kc6 34. c4 Be6 35. Qf3+ Kb6 36. Ne4 Qc6 37. Be5 Bg4 38. Qf4 Bxd1 39. Nf6 Qxg2# 0-1


[Site "https://www.chess.com"]

[Event "Titled Tuesday Blitz August 23 Late 2022"]
[White "Hansen, Eric"]
[Black "Riff, Vincent"]
[WhiteFideId "2606771"]
[BlackFideId "617776"]
[WhiteElo "2568"]
[BlackElo "2369"]
[Result "1-0"]
[Round "04"]
[TimeControl "180+1"]
[Date "2022.08.23"]
[WhiteClock "0:00:10"]
[BlackClock "0:00:30"]

1. Nf3 Nf6 2. g3 d5 3. Bg2 c6 4. O-O Nbd7 5. c4 g6 6. cxd5 cxd5 7. d4 Bg7 8. Nc3 O-O 9. Bf4 a6 10. Rc1 Nb6 11. Qb3 Nc4 12. Ne5 Nh5 13. Nxd5 Nxf4 14. gxf4 Nd2 15. Qb4 Nxf1 16. Nxe7+ Kh8 17. Kxf1 a5 18. Qc5 Be6 19. d5 Bf5 20. d6 Be6 21. a3 f6 22. Nc4 Bxc4 23. Rxc4 Ra6 24. Rd4 f5 25. Rd3 Qb6 26. Qc4 Qxb2 27. Bf3 Qf6 28. Nc8 b5 29. Qxb5 Ra8 30. Bxa8 Rxc8 31. Bf3 g5 32. d7 Rd8 33. fxg5 Qxg5 34. Qxa5 Qc1+ 35. Qe1 Qg5 36. Qd1 Be5 37. h3 Bh2 38. e3 Be5 39. Rd5 Bg7 40. Qd3 Qe7 41. Qxf5 Qxa3 42. Be4 Kg8 43. Qxh7+ Kf8 44. Rf5+ Ke7 45. Qxg7+ Kd6 46. Qe5+ Kxd7 47. Rf7+ 1-0


[Site "https://www.chess.com"]

[Event "Titled Tuesday Blitz August 23 Late 2022"]
[White "Hardaway, Brewington"]
[Black "Paravyan, David"]
[WhiteFideId "30941849"]
[BlackFideId "4194985"]
[WhiteElo "1813"]
[BlackElo "2569"]
[Result "1/2-1/2"]
[Round "04"]
[TimeControl "180+1"]
[Date "2022.08.23"]
[WhiteClock "0:00:03"]
[BlackClock "0:00:06"]

1. e4 e5 2. Nf3 Nf6 3. Nxe5 d6 4. Nf3 Nxe4 5. d4 d5 6. Bd3 Bd6 7. O-O O-O 8. c4 c6 9. Nc3 Nxc3 10. bxc3 dxc4 11. Bxc4 Bg4 12. h3 Bh5 13. Re1 Nd7 14. Be3 b5 15. Be2 Nb6 16. Bg5 Qc7 17. Nd2 Bxe2 18. Rxe2 Rfe8 19. Ne4 Nd5 20. Bd2 Re6 21. a4 Rae8 22. Nxd6 Rxe2 23. Nxe8 Rxe8 24. Qb3 a6 25. axb5 axb5 26. c4 bxc4 27. Qxc4 Qd7 28. Rc1 Re6 29. Qd3 h6 30. Ra1 Re8 31. Re1 Rxe1+ 32. Bxe1 Qb7 33. Bd2 Qb2 34. Kf1 Kf8 35. g3 Qb5 36. Ke2 Ke7 37. Bc1 Ke6 38. Kd2 Qa5+ 39. Kd1 Qa4+ 40. Ke1 f5 41. Kf1 Qb5 42. Ke2 h5 43. h4 Nc3+ 44. Ke3 f4+ 45. gxf4 Nd5+ 46. Ke4 Nf6+ 47. Ke3 Ng4+ 48. Ke2 Qxd3+ 49. Kxd3 Nxf2+ 50. Kc4 Ne4 51. Ba3 g6 52. Bf8 Ng3 53. Bh6 Ne4 54. Bg5 Kd6 55. Bd8 Kd7 56. Bg5 Ke6 57. Bd8 Kd6 58. Bg5 Ng3 59. Bf6 Nf5 60. Bg5 Ne3+ 61. Kd3 Nd5 62. Kc4 Nb6+ 63. Kd3 Kd5 64. Bf6 Nc4 65. Bh8 Nd6 66. Bf6 Nf5 67. Kc3 Ne3 68. Kd3 Ng4 69. Bh8 Nh6 70. Bf6 Nf5 71. Kc3 Nd6 72. Kd3 Ne4 73. Be5 Nf2+ 74. Kc3 Nh3 75. Kd3 Nf2+ 76. Kc3 Ne4+ 77. Kd3 Ng3 78. Bh8 Ke6 79. Kc4 Nf5 80. Be5 Nxh4 81. Kc5 Kd7 82. d5 cxd5 83. Kxd5 Nf5 84. Ke4 Ke7 85. Kf3 Ke6 86. Ke4 Ne7 87. Kf3 Nc6 88. Bc7 Kf5 89. Kg3 Ne7 90. Be5 Nd5 91. Bd6 Nf6 92. Bb8 Ne4+ 93. Kh4 Nc3 94. Kg3 Ne2+ 95. Kf3 Nd4+ 96. Kg3 Nc6 97. Bc7 Nb4 98. Bb8 Nd3 99. Kf3 Ne1+ 100. Kf2 Nc2 101. Kg3 Ke4 102. Kh4 Kf5 103. Kg3 Nd4 104. Bc7 Ke4 105. Kh4 Ne6 106. Bb8 Kf3 107. f5 gxf5 108. Kxh5 Nd8 109. Kg5 Ke4 110. Bh2 Nc6 111. Kf6 Nd4 112. Bb8 Ne2 113. Bc7 Nf4 114. Bb8 Nd3 115. Kg5 Nb4 116. Bh2 Nd5 117. Bb8 Ne7 118. Kf6 Nc6 119. Bc7 Nd4 120. Bb8 Nf3 121. Kg6 Ne5+ 122. Kh5 f4 123. Kh4 f3 124. Kg3 Nc6 125. Bc7 Ke3 126. Bb6+ Ke2 127. Bc5 Nb4 128. Bb6 Nd5 129. Bf2 Nc3 130. Bg1 Ne4+ 131. Kf4 Nf6 132. Kg3 Nh5+ 133. Kg4 Ng7 134. Kg3 Ne6 135. Bf2 Ng5 136. Ba7 Nf7 137. Bg1 Nd6 138. Ba7 Nf5+ 139. Kf4 Ne7 140. Kg3 Nd5 141. Bg1 Nc3 142. Ba7 Ne4+ 143. Kf4 Nf2 144. Kg3 Nd1 145. Bg1 Nb2 146. Ba7 Na4 147. Bg1 Nc3 148. Ba7 Nb5 149. Bg1 Nc7 150. Bd4 Ne8 151. Bg1 Nd6 152. Ba7 Nf7 153. Bg1 Ng5 154. Ba7 Nh7 155. Bb6 Nf8 156. Ba7 Ne6 157. Bg1 Ng7 158. Ba7 Nf5+ 159. Kf4 Ne7 160. Kg3 Nc6 161. Bg1 Ne5 162. Ba7 Nd3 163. Bg1 Nb4 164. Bc5 Na2 165. Bd4 Nc1 166. Bf2 Nb3 167. Ba7 Nd2 168. Bg1 Nc4 169. Bf2 Ne5 170. Bg1 Kf1 171. Bd4 Ke2 172. Bf2 Nc4 173. Bg1 Nd6 1/2-1/2


[Site "https://www.chess.com"]

[Event "Titled Tuesday Blitz August 23 Late 2022"]
[White "Hjartarson, Johann"]
[Black "Lenderman, Aleksandr"]
[WhiteFideId "2300044"]
[BlackFideId "2021285"]
[WhiteElo "2458"]
[BlackElo "2607"]
[Result "0-1"]
[Round "04"]
[TimeControl "180+1"]
[Date "2022.08.23"]
[WhiteClock "0:00:55"]
[BlackClock "0:01:44"]

1. d4 e6 2. c4 b6 3. Nc3 Bb7 4. a3 f5 5. Nf3 Nf6 6. d5 Bd6 7. g3 O-O 8. Bg2 Na6 9. O-O Nc5 10. dxe6 dxe6 11. b4 Nce4 12. Bb2 Qe7 13. Qc2 a5 14. b5 Nxc3 15. Qxc3 Rad8 16. Rad1 Bc5 17. e3 Ne4 18. Qb3 Rxd1 19. Rxd1 Rd8 20. Ne5 Rd6 21. f3 Bxe3+ 22. Kf1 Nd2+ 23. Rxd2 Rxd2 24. Qxe3 Rxb2 25. Nd3 Rb3 0-1


[Site "https://www.chess.com"]

[Event "Titled Tuesday Blitz August 23 Late 2022"]
[White "Hnydiuk, Aleksander"]
[Black "Iliaguev, Nisim"]
[WhiteFideId "1109057"]
[BlackFideId "2817276"]
[WhiteElo "2374"]
[BlackElo "2107"]
[Result "1-0"]
[Round "04"]
[TimeControl "180+1"]
[Date "2022.08.23"]
[WhiteClock "0:00:04"]
[BlackClock "0:00:13"]

1. e4 c6 2. d4 d5 3. e5 Bf5 4. Nf3 e6 5. Be2 Ne7 6. O-O h6 7. Nbd2 c5 8. dxc5 Nec6 9. Nb3 Nd7 10. c4 dxc4 11. Nbd4 Bg6 12. Nxc6 bxc6 13. Be3 Bxc5 14. Bxc5 Nxc5 15. Qxd8+ Rxd8 16. Rfc1 O-O 17. Rxc4 Rd5 18. Rac1 Nd3 19. Bxd3 Bxd3 20. Ra4 a5 21. Nd4 Rxe5 22. Nxc6 Re2 23. b3 Kh7 24. Rxa5 Rc8 25. h3 Be4 26. Re5 f5 27. Rxe6 Rxa2 28. f3 Bd5 29. Rd6 Bxb3 30. Rb1 Ba4 31. Nd4 Be8 32. Rb7 Rc1+ 33. Kh2 Rd1 34. Nxf5 Rxd6 35. Nxd6 Bc6 36. Rf7 Kg8 37. Rf4 Bd5 38. Nf5 g5 39. Nxh6+ Kg7 40. Rf5 Bxf3 41. Rxf3 Kxh6 42. Kg3 Kg6 43. Rf2 Ra3+ 44. Rf3 Ra2 45. Rd3 Rb2 46. Re3 Ra2 47. Kf3 Kf5 48. g3 Rb2 49. Rd3 Ra2 50. Rd5+ Kf6 51. Kg4 Rg2 52. Rf5+ Ke6 53. Rxg5 Kf6 54. h4 Rg1 55. Rf5+ Kg6 56. h5+ Kh6 57. Rf6+ Kh7 58. Rg6 Rg2 59. Kh4 Rh2+ 60. Kg5 Ra2 61. g4 Ra5+ 62. Kh4 Ra4 63. Rd6 Kg7 64. Re6 Ra2 65. Kg5 Ra5+ 66. Kf4 Ra4+ 67. Re4 Ra1 68. g5 Rf1+ 69. Kg4 Rg1+ 70. Kf5 Rf1+ 71. Rf4 Ra1 72. h6+ Kh7 73. Kg4 Kg6 74. Rf6+ Kh7 75. Rf7+ Kg8 76. Rg7+ Kh8 77. Re7 Kg8 78. Kh5 Ra6 79. Rd7 Rb6 80. Rg7+ Kh8 81. Re7 Kg8 82. g6 Rb5+ 83. Kg4 Kf8 84. Rf7+ Kg8 85. h7+ Kh8 86. Rf8+ Kg7 87. h8=Q+ 1-0


[Site "https://www.chess.com"]

[Event "Titled Tuesday Blitz August 23 Late 2022"]
[White "Howell, David W L"]
[Black "Beerdsen, Thomas"]
[WhiteFideId "410608"]
[BlackFideId "1030108"]
[WhiteElo "2559"]
[BlackElo "2567"]
[Result "1/2-1/2"]
[Round "04"]
[TimeControl "180+1"]
[Date "2022.08.23"]
[WhiteClock "0:01:51"]
[BlackClock "0:01:26"]

1. c4 e5 2. Nc3 Nf6 3. Nf3 e4 4. Ng5 c6 5. d3 exd3 6. e3 d5 7. Bxd3 h6 8. Nf3 dxc4 9. Bxc4 Qxd1+ 10. Kxd1 Bd6 11. Ke2 O-O 12. Rd1 Bc7 13. b3 Re8 14. Bb2 b5 15. Bd3 a6 16. Rac1 c5 17. a4 b4 18. Nb1 Nbd7 19. Bxf6 Nxf6 20. Rxc5 Bd8 21. Nbd2 Bb7 22. Bc4 Re7 23. Rc1 1/2-1/2


[Site "https://www.chess.com"]

[Event "Titled Tuesday Blitz August 23 Late 2022"]
[White "Ibrahimli, Murad"]
[Black "Sarana, Alexey"]
[WhiteFideId "13410229"]
[BlackFideId "24133795"]
[WhiteElo "2109"]
[BlackElo "2666"]
[Result "1/2-1/2"]
[Round "04"]
[TimeControl "180+1"]
[Date "2022.08.23"]
[WhiteClock "0:01:01"]
[BlackClock "0:01:48"]

1. d4 Nf6 2. c4 e6 3. Nf3 d5 4. Nc3 Nbd7 5. Qc2 Bb4 6. cxd5 exd5 7. Bg5 h6 8. Bxf6 Qxf6 9. a3 Bxc3+ 10. Qxc3 c6 11. e3 O-O 12. Bd3 Qd6 13. Bc2 Nf6 14. Ne5 Ng4 15. Nf3 Re8 16. h3 Nf6 17. Ne5 Ne4 18. Qb4 Qxb4+ 19. axb4 Nd6 20. g4 a6 21. Bd3 f6 22. Ng6 Be6 23. Nf4 Bd7 24. Kd2 Re7 25. f3 Be8 26. b3 Bf7 27. h4 Rae8 28. Rae1 Ra8 29. Ra1 Rae8 30. Rae1 Ra8 31. Ra1 1/2-1/2


[Site "https://www.chess.com"]

[Event "Titled Tuesday Blitz August 23 Late 2022"]
[White "Jian, Alex"]
[Black "Ohanyan, Emin"]
[WhiteFideId "30901022"]
[BlackFideId "13312022"]
[WhiteElo "2095"]
[BlackElo "1927"]
[Result "0-1"]
[Round "04"]
[TimeControl "180+1"]
[Date "2022.08.23"]
[WhiteClock "0:00:01"]
[BlackClock "0:00:20"]

1. Nf3 d5 2. b3 Bf5 3. Bb2 e6 4. e3 Nf6 5. c4 c6 6. Nc3 Nbd7 7. Be2 Bd6 8. O-O O-O 9. d4 Ne4 10. Bd3 Nxc3 11. Bxc3 Bxd3 12. Qxd3 Nf6 13. Bb2 Ne4 14. Nd2 f5 15. Nf3 Rf6 16. Ne5 Rh6 17. g3 Qg5 18. Qe2 Bxe5 19. dxe5 Qg4 20. f3 Qh5 21. g4 Rg6 22. Qg2 Qh4 23. Kh1 Nc5 24. h3 h5 25. Rg1 hxg4 26. fxg4 Ne4 27. Raf1 Rxg4 28. Qh2 Ng3+ 29. Rxg3 Rxg3 30. Bd4 Rxh3 0-1


[Site "https://www.chess.com"]

[Event "Titled Tuesday Blitz August 23 Late 2022"]
[White "Jones, Gawain C B"]
[Black "Salem, A.R. Saleh"]
[WhiteFideId "409561"]
[BlackFideId "9301348"]
[WhiteElo "2657"]
[BlackElo "2674"]
[Result "0-1"]
[Round "04"]
[TimeControl "180+1"]
[Date "2022.08.23"]
[WhiteClock "0:00:05"]
[BlackClock "0:00:08"]

1. Nf3 d5 2. g3 c5 3. Bg2 Nf6 4. c4 d4 5. b4 cxb4 6. a3 bxa3 7. O-O a2 8. Na3 Nc6 9. e3 d3 10. Bb2 g6 11. Qa4 Bg7 12. Ne5 O-O 13. Nxc6 bxc6 14. Qxc6 Rb8 15. Rxa2 Bb7 16. Qa4 Bxg2 17. Kxg2 Qc8 18. Be5 Rb7 19. Qa6 Ne4 20. Bxg7 Kxg7 21. f3 Nc3 22. Raa1 Rb2 23. Qa5 Rxd2+ 24. Kh1 Ne2 25. Qxd2 Qh3 26. Qxd3 Nxg3+ 27. Kg1 Nxf1 28. Qxf1 Qf5 29. Nb5 Qg5+ 30. Kf2 Qe5 31. Rxa7 Qxh2+ 32. Qg2 Qh4+ 33. Qg3 Qxc4 34. Qe5+ Kg8 35. Rxe7 h5 36. Nd6 Qh4+ 37. Kg2 Qa4 38. Re8 Qa2+ 39. Kg3 Qb3 40. Rxf8+ Kxf8 41. Qe8+ Kg7 42. Qe5+ Kg8 43. Ne8 Kf8 44. Nf6 Qb1 45. Kf4 Qb4+ 46. Qd4 Qb8+ 47. Ke4 Qb7+ 48. Nd5 Kg8 49. Qe5 Qb1+ 50. Kf4 Qg1 51. Nf6+ Kf8 52. Nh7+ Kg8 53. Ng5 Kf8 54. Qh8+ Ke7 55. Qe5+ Kf8 56. Qd6+ Kg8 57. Qd8+ Kg7 58. Ke4 Qb1+ 59. Kf4 Qg1 60. Qe7 Qh2+ 61. Ke4 Qc2+ 62. Kd4 Qd2+ 63. Kc4 Qc2+ 64. Kd4 Qd2+ 65. Ke4 Qc2+ 66. Kd5 Qd3+ 67. Kc5 Qa3+ 68. Kd4 Qxe7 69. Ne4 h4 0-1


[Site "https://www.chess.com"]

[Event "Titled Tuesday Blitz August 23 Late 2022"]
[White "Kambrath, Yannick"]
[Black "Bryakin, Mikhail"]
[WhiteFideId "20632525"]
[BlackFideId "4165314"]
[WhiteElo "2236"]
[BlackElo "2353"]
[Result "1-0"]
[Round "04"]
[TimeControl "180+1"]
[Date "2022.08.23"]
[WhiteClock "0:00:29"]
[BlackClock "0:00:03"]

1. e4 d5 2. exd5 Qxd5 3. Nc3 Qe5+ 4. Nge2 Nf6 5. d3 Bg4 6. h3 Bh5 7. g4 Bg6 8. Bg2 c6 9. f4 Qa5 10. f5 Bxf5 11. gxf5 Qxf5 12. Be3 Nbd7 13. Qd2 e6 14. a3 Bd6 15. O-O-O a5 16. Rdf1 Qh5 17. Bf3 Qe5 18. d4 Qf5 19. Bxc6 Qg6 20. Rhg1 Qh5 21. Bxd7+ Nxd7 22. Rxg7 Rf8 23. Ne4 Be7 24. Nf4 Qf5 25. Qd3 Rc8 26. Ng6 hxg6 27. Rxf5 gxf5 28. Nc5 Nxc5 29. dxc5 Rc6 30. Rg1 Bf6 31. Rd1 Rh8 32. Qd7+ Kf8 33. Qxb7 1-0


[Site "https://www.chess.com"]

[Event "Titled Tuesday Blitz August 23 Late 2022"]
[White "Ladopoulos, Dimitrios"]
[Black "Andreikin, Dmitry"]
[WhiteFideId "4239580"]
[BlackFideId "4158814"]
[WhiteElo "2195"]
[BlackElo "2736"]
[Result "0-1"]
[Round "04"]
[TimeControl "180+1"]
[Date "2022.08.23"]
[WhiteClock "0:01:04"]
[BlackClock "0:02:15"]

1. d4 Nf6 2. Nc3 d5 3. Bf4 a6 4. e3 Bf5 5. Bd3 Bg6 6. Nf3 e6 7. Ne5 c5 8. Nxg6 hxg6 9. h3 Nc6 10. dxc5 Bxc5 11. Qe2 e5 12. Bg5 e4 13. Bxe4 dxe4 14. Nxe4 Qa5+ 15. Nd2 O-O-O 16. c3 Be7 17. Bf4 g5 18. Bg3 Rxd2 19. Qxd2 Ne4 20. Qe2 Nxc3 21. Qd2 Rd8 22. Qc2 Ne4+ 0-1


[Site "https://www.chess.com"]

[Event "Titled Tuesday Blitz August 23 Late 2022"]
[White "Livaic, Leon"]
[Black "Navarrete Mendez, Gonzalo Alberto"]
[WhiteFideId "14531534"]
[BlackFideId "5106850"]
[WhiteElo "2540"]
[BlackElo "2261"]
[Result "1-0"]
[Round "04"]
[TimeControl "180+1"]
[Date "2022.08.23"]
[WhiteClock "0:00:32"]
[BlackClock "0:00:08"]

1. d4 d5 2. c4 dxc4 3. e3 Nc6 4. Bxc4 e5 5. Nf3 e4 6. Nfd2 Qg5 7. Nxe4 Qxg2 8. Ng3 Qh3 9. Nc3 Nf6 10. Bd2 Bd6 11. Bf1 Qh4 12. Bg2 O-O 13. Nd5 Nxd5 14. Bxd5 Re8 15. Bc3 Bg4 16. Qb3 Nd8 17. O-O c6 18. Bg2 Rb8 19. Rae1 Ne6 20. f4 Re7 21. Bb4 Bxb4 22. Qxb4 Rbe8 23. e4 h5 24. d5 c5 25. Qc3 Nd8 26. d6 Rd7 27. e5 b6 28. a3 Bh3 29. b4 Bxg2 30. Kxg2 Ne6 31. Qf3 cxb4 32. axb4 Rc8 33. Rf2 Rc4 34. Re4 Rxe4 35. Nxe4 Nd4 36. Qg3 Qxg3+ 37. hxg3 Nf5 38. Kf3 Nd4+ 39. Ke3 Nf5+ 40. Kd3 Kf8 41. Rc2 Rd8 42. Rc7 a5 43. b5 h4 44. gxh4 Nxh4 45. Ng5 Kg8 46. Nxf7 Rb8 47. d7 Kxf7 48. d8=Q+ 1-0


[Site "https://www.chess.com"]

[Event "Titled Tuesday Blitz August 23 Late 2022"]
[White "Makarian, Rudik"]
[Black "Tari, Aryan"]
[WhiteFideId "44105681"]
[BlackFideId "1510045"]
[WhiteElo "2403"]
[BlackElo "2612"]
[Result "1-0"]
[Round "04"]
[TimeControl "180+1"]
[Date "2022.08.23"]
[WhiteClock "0:00:15"]
[BlackClock "0:00:33"]

1. d3 d5 2. f4 Nf6 3. Nf3 g6 4. g3 c6 5. Bg2 Qb6 6. e3 Bg7 7. O-O O-O 8. Kh1 Bg4 9. Nbd2 Qxe3 10. h3 Bxf3 11. Nxf3 Qb6 12. Qe2 Nbd7 13. Kh2 Rae8 14. c3 Qc7 15. Ne5 Nxe5 16. fxe5 Nh5 17. d4 f6 18. g4 fxe5 19. gxh5 exd4+ 20. Kh1 dxc3 21. h6 Bf6 22. bxc3 e5 23. Ba3 Be7 24. Bb2 e4 25. c4 Qg3 26. Qg4 Qxg4 27. hxg4 Bg5 28. cxd5 cxd5 29. Bg7 Rf7 30. Rad1 Rd8 31. Kh2 Rxf1 32. Rxf1 e3 33. Bxd5+ 1-0


[Site "https://www.chess.com"]

[Event "Titled Tuesday Blitz August 23 Late 2022"]
[White "Maksimovic, Bojan"]
[Black "Nazaretyan, Tigran"]
[WhiteFideId "14408120"]
[BlackFideId "24162345"]
[WhiteElo "2447"]
[BlackElo "2183"]
[Result "0-1"]
[Round "04"]
[TimeControl "180+1"]
[Date "2022.08.23"]
[WhiteClock "0:00:01"]
[BlackClock "0:00:12"]

1. e4 c5 2. Nf3 Nc6 3. Nc3 d6 4. Bb5 e5 5. d3 Be7 6. O-O Nf6 7. h3 O-O 8. a3 Nd4 9. Bc4 Be6 10. Be3 h6 11. Re1 Qd7 12. Nd5 b5 13. Ba2 Nxd5 14. Bxd5 Bxd5 15. exd5 Nxf3+ 16. Qxf3 f5 17. b4 c4 18. dxc4 bxc4 19. Bd2 e4 20. Qe2 Bf6 21. Rad1 Rac8 22. Bf4 g5 23. Be3 f4 24. Bd4 Rce8 25. Bxf6 Rxf6 26. Rd4 e3 27. Rxc4 exf2+ 28. Qxf2 Rxe1+ 29. Qxe1 f3 30. Qf2 Qf7 31. g3 Qxd5 32. Rc3 Qd1+ 33. Qf1 f2+ 34. Kg2 Qe1 35. Rd3 Qe4+ 36. Kh2 d5 37. Rd2 Qe1 38. Qd3 Qxd2 0-1


[Site "https://www.chess.com"]

[Event "Titled Tuesday Blitz August 23 Late 2022"]
[White "Mcconnell, Sullivan"]
[Black "Kravtsiv, Martyn"]
[WhiteFideId "30934885"]
[BlackFideId "14113147"]
[WhiteElo "2587"]
[BlackElo "2694"]
[Result "1-0"]
[Round "04"]
[TimeControl "180+1"]
[Date "2022.08.23"]
[WhiteClock "0:00:15"]
[BlackClock "0:00:01"]

1. e4 e5 2. Nf3 Nc6 3. Bb5 a6 4. Ba4 Nf6 5. O-O Be7 6. Re1 b5 7. Bb3 O-O 8. c3 d5 9. exd5 Nxd5 10. h3 Bf6 11. d3 Bf5 12. Be3 Re8 13. Na3 Nxe3 14. Rxe3 Na5 15. Bc2 c5 16. Qe1 Nc6 17. Rd1 Bg6 18. Nb1 Qc7 19. Nbd2 Rad8 20. Ne4 Be7 21. Ng3 Bf6 22. Bb1 h6 23. Nh2 Re6 24. Ng4 Bh4 25. a3 h5 26. Nh2 Ne7 27. Ba2 Nd5 28. Rf3 Re7 29. Nf5 Bxf5 30. Rxf5 g6 31. Rf3 Nf4 32. Nf1 Red7 33. Qe4 Kg7 34. g3 f5 35. Qe1 Nxh3+ 36. Kh2 e4 37. Kxh3 exf3 38. gxh4 Qf4 39. Ne3 Rxd3 40. Rxd3 Rxd3 41. Qg1 Rxe3 42. fxe3 f2 43. Qf1 Qg4+ 44. Kh2 Qxh4+ 45. Kg2 f4 46. Qxf2 Qg4+ 47. Kf1 Qd1+ 48. Kg2 Qg4+ 49. Kh2 fxe3 50. Qxe3 Qd7 51. Qf2 Qd6+ 52. Kg1 Kh6 53. Bb1 Qe5 54. Bd3 c4 55. Bf1 Qg5+ 56. Bg2 h4 57. Kh2 Qe5+ 58. Kh1 g5 59. Bh3 Qe4+ 60. Kh2 Qe5+ 61. Kg2 Qd5+ 62. Qf3 Qd2+ 63. Qf2 Qd5+ 64. Kg1 Qd1+ 65. Qf1 Qd6 66. Qf3 Qc5+ 67. Kh1 Qd6 68. Bf1 Qe6 69. Be2 Qd6 70. Qh5+ Kg7 71. Qxg5+ Kf8 72. Qxh4 Qe5 73. Qf2+ Ke7 74. Bf3 Qf4 75. Kg1 Kf6 76. Bg2 Ke5 77. Qxf4+ 1-0


[Site "https://www.chess.com"]

[Event "Titled Tuesday Blitz August 23 Late 2022"]
[White "Mitrabha, Guha"]
[Black "Czopor, Maciej"]
[WhiteFideId "5057000"]
[BlackFideId "21805431"]
[WhiteElo "2499"]
[BlackElo "1924"]
[Result "0-1"]
[Round "04"]
[TimeControl "180+1"]
[Date "2022.08.23"]
[WhiteClock "0:00:26"]
[BlackClock "0:00:08"]

1. d4 Nf6 2. Nf3 g6 3. Nc3 Bg7 4. e4 O-O 5. e5 Ne8 6. h4 d6 7. exd6 Nxd6 8. h5 Bg4 9. hxg6 hxg6 10. Be2 Nc6 11. d5 Bxf3 12. Bxf3 Nd4 13. Bh6 e5 14. dxe6 Nxe6 15. Bxg7 Kxg7 16. Qe2 Qg5 17. Qd2 Qxd2+ 18. Kxd2 Rad8 19. Kc1 Rh8 20. Rd1 Rh2 21. Rg1 Nd4 22. Bd1 a5 23. b3 b5 24. a3 N6f5 25. Kb2 Nh4 26. g3 Nhf3 27. Bxf3 Nxf3 28. Rgf1 c6 29. Rad1 Rd2 30. Ne4 Re2 31. Nc5 Rhxf2 32. Rxf2 Rxf2 33. Rd6 Ne1 34. Rxc6 Rxc2+ 35. Kb1 Kh6 36. b4 axb4 37. axb4 Kh5 38. Rf6 Rc4 39. Rxf7 Rxb4+ 40. Ka2 Kg4 41. Rg7 g5 42. Ne6 Nf3 43. Ka3 Ra4+ 44. Kb3 Re4 45. Nc5 Re5 46. Kb4 Kxg3 47. Kxb5 g4 48. Kc4 Re1 49. Nd3 Re4+ 50. Kc3 Re3 51. Kc2 Ne1+ 52. Kd2 Rxd3+ 53. Kxe1 Rf3 54. Rg8 Kh3 55. Ke2 Rf7 56. Ra8 Kg2 57. Ke3 g3 58. Ra2+ Kh3 59. Ra1 g2 60. Ra8 Kh2 61. Rh8+ Kg1 62. Ke2 Re7+ 63. Kd2 Re5 64. Rf8 Kh2 65. Rh8+ Kg3 66. Rg8+ Kf3 67. Rh8 Kg3 68. Rf8 g1=Q 69. Rg8+ Kf2 70. Rf8+ Kg2 71. Rg8+ Kf1 72. Rf8+ Qf2+ 73. Rxf2+ Kxf2 74. Kd3 Kf3 75. Kd4 Kf4 76. Kd3 Re4 77. Kd2 Re3 78. Kd1 Kf3 79. Kd2 Kf2 80. Kc2 Ke2 81. Kb1 Rc3 82. Ka1 Kd2 83. Kb2 Kd3 84. Ka1 Rb3 85. Ka2 Kc2 86. Ka1 Ra3# 0-1


[Site "https://www.chess.com"]

[Event "Titled Tuesday Blitz August 23 Late 2022"]
[White "Pakleza, Zbigniew"]
[Black "Levine, Joseph"]
[WhiteFideId "1119290"]
[BlackFideId "30940346"]
[WhiteElo "2411"]
[BlackElo "1810"]
[Result "1-0"]
[Round "04"]
[TimeControl "180+1"]
[Date "2022.08.23"]
[WhiteClock "0:01:33"]
[BlackClock "0:01:04"]

1. d4 d5 2. Bf4 Nf6 3. e3 Bf5 4. c4 e6 5. Nc3 Nbd7 6. Qb3 Bd6 7. Bxd6 dxc4 8. Bxc7 Qxc7 9. Qxc4 Qb6 10. Qb5 Qd6 11. Nf3 O-O 12. Be2 Bc2 13. a3 Nb6 14. Rc1 a6 15. Qc5 1-0


[Site "https://www.chess.com"]

[Event "Titled Tuesday Blitz August 23 Late 2022"]
[White "Pinheiro, Iung Alicio de O."]
[Black "Nakamura, Hikaru"]
[WhiteFideId "2104350"]
[BlackFideId "2016192"]
[WhiteElo "2283"]
[BlackElo "2850"]
[Result "0-1"]
[Round "04"]
[TimeControl "180+1"]
[Date "2022.08.23"]
[WhiteClock "0:00:13"]
[BlackClock "0:01:47"]

1. c4 g6 2. g3 Bg7 3. Bg2 d6 4. Nc3 Bd7 5. d3 Qc8 6. e4 Nc6 7. h3 h5 8. Nge2 e5 9. Bg5 Nd8 10. Rc1 Ne6 11. Be3 h4 12. g4 g5 13. d4 c5 14. dxe5 dxe5 15. Nd5 Ne7 16. Nec3 Ng6 17. f3 Ngf4 18. Kf2 b6 19. Qd2 Qb7 20. Rhd1 Bc6 21. Bf1 O-O 22. b3 Rfd8 23. Qb2 Nd4 24. a3 Rac8 25. Ne2 Nde6 26. Nec3 Be8 27. b4 cxb4 28. axb4 Nd4 29. Ra1 Bc6 30. Rdc1 b5 31. c5 Nxd5 32. exd5 Bxd5 33. Nxd5 Qxd5 34. Bxd4 exd4 35. Bd3 Qe5 36. Kf1 Qf4 37. Qf2 Re8 38. Re1 Re3 39. Rxe3 dxe3 40. Qe2 Bxa1 0-1


[Site "https://www.chess.com"]